 Dungeon Crawl Stone Soup version 0.31.0-32-g396128a36d (webtiles) character file.

Game seed: 14736943050943180846

97 monsoonserge the Ruffian (level 4, -3/31 HPs)
             Began as an Octopode Fighter on Mar 12, 2024.
             Slain by an orc
             ... wielding a +0 hand axe
              (5 damage)
             ... on level 4 of the Dungeon.
             The game lasted 00:04:51 (2006 turns).

monsoonserge the Ruffian (Octopode Fighter)         Turns: 2006, Time: 00:04:51

Health: -3/31      AC:  1    Str: 17    XL:     4   Next: 68%
Magic:  4/4        EV: 13    Int: 10    God:
Gold:   168        SH:  4    Dex: 11    Spells: 3/3 levels left

rFire   . . .        e - +1 spear (heavy)
rCold   . . .        a - +0 buckler
rNeg    + . .        (helmet restricted)
rPois   .            (no amulet)
rElec   .            o - ring of positive energy
rCorr   .            (no ring)
SInv    .            (no ring)
Will    .....        (no ring)
Stlth   +++          (no ring)
HPRegen 0.25/turn    (no ring)
MPRegen 0.09/turn    (no ring)
                     (no ring)

%: no passive effects
@: no status effects
A: almost no armour, amphibious, 8 rings, camouflage 1, gelatinous body 1,
(nimble swimmer 1), tentacles
a: no special abilities


You were on level 4 of the Dungeon.
You visited 1 branch of the dungeon, and saw 4 of its levels.

You collected 168 gold pieces.

Inventory:

Hand Weapons
 e - a +1 heavy spear (weapon)
Armour
 a - a +0 buckler (worn)
Magical Staves
 m - a staff of conjuration
Jewellery
 o - a ring of positive energy (left tentacle)
Scrolls
 d - 3 scrolls of summoning
 f - 3 scrolls of blinking {unknown}
 g - a scroll of enchant weapon {unknown}
 h - 2 scrolls of identify {unknown}
 j - a scroll of vulnerability {unknown}
 n - 3 scrolls of teleportation {unknown}
 p - 4 scrolls of fear {unknown}
 q - a scroll of immolation {unknown}
Potions
 b - a potion of might
 c - a potion of curing {unknown}
 i - a potion of haste {unknown}
 k - a potion of cancellation {unknown}
 l - 3 potions of brilliance {unknown}
 r - 2 potions of mutation {unknown}


   Skills:
 - Level 3.0 Fighting
 - Level 1.3 Polearms
 - Level 3.0 Dodging
 + Level 3.4 Stealth
 - Level 3.0 Shields
 * Level 3.6 Unarmed Combat


You had 3 spell levels left.
You didn't know any spells.
Your spell library contained the following spells:

 Spells                   Type           Power      Damage    Failure   Level
 Apportation              Tloc           0%         N/A       43%         1
 Necrotise                Necr           0%         1d4       43%         1
 Slow                     Hex            0%         N/A       43%         1
 Sting                    Conj/Alch      0%         1d3       43%         1
 Summon Small Mammal      Summ           0%         N/A       43%         1
 Confusing Touch          Hex            0%         N/A       82%         3
 Gell's Gravitas          Tloc           0%         N/A       82%         3
 Inner Flame              Hex/Fire       0%         N/A       82%         3
 Sigil of Binding         Hex            0%         N/A       82%         3
 Summon Ice Beast         Ice/Summ       0%         N/A       82%         3
 Teleport Other           Tloc           0%         N/A       82%         3
 Vampiric Draining        Necr           0%         2d6       82%         3
 Irradiate                Conj/Alch      0%         3d11      100%        5
 Summon Mana Viper        Hex/Summ       0%         N/A       100%        5
 Dispersal                Tloc           0%         N/A       100%        6
 Monstrous Menagerie      Summ           0%         N/A       100%        7
 Ignition                 Fire           0%         3d3       100%        8


Dungeon Overview and Level Annotations

Branches:
Dungeon (4/15)
 Temple: D:4-7

Altars:
Kikubaaqudgha
Qazlal


Innate Abilities, Weirdness & Mutations

You cannot wear most types of armour.
You are amphibious.
You can wear up to eight rings at the same time.
Your skin changes colour to match your surroundings (Stealth+).
Your rubbery body absorbs attacks. (AC +1, EV +1)
((You are camouflaged when in or above water. (Stealth+)))
You have tentacles for arms and can constrict up to eight enemies at once.


Message History

You kill the orc!
An orc comes into view. It is wielding a +0 trident.
The hound misses you.
You hit the hound. Your grab misses the hound.
The hound is lightly wounded.
The hound bites you. x2
An orc comes into view. It is wielding a +0 flail.
You barely miss the hound. Your grab misses the hound.
You squeeze the hound, but do no damage.
The hound is lightly wounded.
The hound bites you. You block the hound's attack. The hound bites you.
You puncture the hound! Your grab misses the hound. You squeeze the hound!
The hound is almost dead.
The hound bites you. x2
The orc hits you from afar with a +0 trident.
You miss the hound. Your grab misses the hound.
The hound is almost dead.
The hound bites you. The hound bites you but does no damage.
The orc misses you. The hound bites you.
* * * LOW HITPOINT WARNING * * *
The orc misses you.
Unknown command.
You miss the hound. Your grab misses the hound.
The hound is almost dead.
The hound barely misses you.
The orc hits you from afar with a +0 trident.
* * * LOW HITPOINT WARNING * * *
The hound bites you.
* * * LOW HITPOINT WARNING * * *
You puncture the hound!
You kill the hound!
The orc hits you from afar with a +0 trident.
* * * LOW HITPOINT WARNING * * *
The orc barely misses you. x2
Your Stealth skill increases to level 3!
You hit the orc but do no damage. Your grab misses the orc.
You squeeze the orc.
The orc is severely wounded.
The orc closely misses you. The orc hits you with a +0 hand axe.
You die...

## ###o
##############.o
.......<....##o#
............##@# #
..........)..#.#.#
####.............#
....#####.....#.#
####......###.#..#
#.####.# #......
#.# #.##.##. #..
.## # # ..# .


You could see 3 orcs.

Vanquished Creatures
  A hound (D:4)
  2 adders (D:3)
  A ribbon worm (D:2)
  An orc (D:4)
  2 ball pythons
  6 endoplasms
  3 giant cockroaches
  3 goblins
  5 hobgoblins
  3 jackals (D:1)
  3 quokkas
  4 bats
  4 kobolds
  4 rats
42 creatures vanquished.

Notes
Turn   | Place    | Note
-------+----------+-------------------------------------------
     0 | D:1      | monsoonserge the Octopode Fighter began the quest for the
                  | Orb.
     0 | D:1      | Reached XP level 1. HP: 16/16 MP: 1/1
   155 | D:1      | Reached XP level 2. HP: 21/21 MP: 2/2
   890 | D:2      | Reached skill level 1 in Stealth
   891 | D:2      | Found a stormy altar of Qazlal.
   897 | D:2      | Reached XP level 3. HP: 24/26 MP: 3/3
  1037 | D:2      | Reached skill level 1 in Polearms
  1483 | D:3      | Found an ancient bone altar of Kikubaaqudgha.
  1593 | D:3      | Reached XP level 4. HP: 18/31 MP: 4/4
  2005 | D:4      | HP: 1/31 [orc/+0 trident (4)]
  2006 | D:4      | Slain by an orc

Illustrated notes

Levels and vault maps discovered:
D:1:      dpeg_arrival_signposts, layout_basic, nicolae_kite_square_tiling_tiny
D:2:      layout_rooms, basic_altar
D:3:      layout_loops_ring, lemuel_round_altar
D:4:      layout_loops_ring, mainiacjoe_overflow_surrounded_room, uniq_sigmund

Skill      XL: |  1  2  3  4 |
---------------+-------------+-----
Unarmed Combat | 3 |  3.6
Stealth        | 1 2 3 |  3.4
Polearms       | 1 |  1.3
Fighting       | |  3.0
Dodging        | |  3.0
Shields        | |  3.0

Action                     |  1- 3 |  4- 6 || total
---------------------------+-------+-------++-------
  Melee: Unarmed           |    20 |     4 ||    24
         Tentacles         |    11 |     5 ||    16
         Constrict         |     9 |     2 ||    11
         Spear             |    44 |    10 ||    54
         Punch             |     2 |       ||     2
    Use: Scroll            |     1 |       ||     1
   Stab: Sleeping          |     9 |     2 ||    11
 Armour: Skin              |    18 |    14 ||    32
  Dodge: Dodged            |    25 |     7 ||    32
  Block: Buckler           |    13 |     3 ||    16
